 Dungeon Crawl Stone Soup version 0.26.1-2-gb8aa6d0cf2 (webtiles) character file.

Game seed: 6384650713079392499

116 windgrace the Magician (level 4, -1/34 HPs)
             Began as a Draconian Hedge Wizard on Feb 10, 2021.
             Slain by Sigmund
             ... wielding a +4 scythe of protection
              (8 damage)
             ... on level 2 of the Dungeon.
             The game lasted 00:14:14 (2633 turns).

windgrace the Magician (Draconian Hedge Wizard)     Turns: 2633, Time: 00:14:15

Health: -1/34      AC:  5    Str: 13    XL:     4   Next: 70%
Magic:  9/10       EV: 12    Int: 15    God:
Gold:   65         SH:  0    Dex: 10    Spells: 3/11 levels left

rFire    . . .     SeeInvis .   l - +0 dagger (flame)
rCold    . . .     Faith    .   (no shield)
rNeg     . . .     Spirit   .   (armour unavailable)
rPois    .         Reflect  .   b - +0 hat
rElec    .         Harm     .   (no cloak)
rCorr    +         Rampage  .   (no gloves)
Will     .....                  (no boots)
Stlth    ++........             (no amulet)
HPRegen  0.11/turn              o - ring of resist corrosion
MPRegen  0.12/turn              (no ring)

@: brilliant, attractive, flying
A: unfitting armour, cold-blooded, AC +5
a: no special abilities


You were on level 2 of the Dungeon.
You visited 1 branch of the dungeon, and saw 2 of its levels.

You collected 65 gold pieces.

Inventory:

Hand Weapons
 a - a +0 dagger
 l - a +0 dagger of flaming (weapon)
Armour
 b - a +0 hat (worn)
Jewellery
 o - a ring of resist corrosion (left hand)
Scrolls
 c - a scroll of immolation {unknown}
 d - 4 scrolls of identify {unknown}
 f - a scroll of teleportation {unknown}
 h - a scroll of magic mapping {unknown}
 j - a scroll of blinking {unknown}
 k - a scroll of remove curse {unknown}
 n - 2 scrolls of amnesia {unknown}
 p - a scroll of random uselessness {unknown}
Potions
 e - a potion of flight
 i - 2 potions of brilliance
 m - a potion of mutation {unknown}
 q - a potion of degeneration {unknown}


   Skills:
 + Level 0.7 Fighting
 + Level 0.2 Short Blades
 + Level 2.2 Dodging
 + Level 1.9 Stealth
 + Level 4.0 Spellcasting
 + Level 1.4 Conjurations
 + Level 2.3 Summonings
 + Level 1.3 Translocations


You had 3 spell levels left.
You knew the following spells:

 Your Spells              Type           Power        Failure   Level
a - Magic Dart            Conj           44%          10%         1
b - Blink                 Tloc           N/A          16%         2
c - Call Imp              Summ           15%          11%         2
d - Mephitic Cloud        Conj/Pois/Air  6%           41%         3

Your spell library contained the following spells:

 Spells                   Type           Power        Failure   Level
 Slow                     Hex            4%           26%         2
 Conjure Flame            Conj/Fire      7%           38%         3


Dungeon Overview and Level Annotations

Branches:
Dungeon (2/15)

Altars:
Qazlal
Trog
Yredelemnul

Annotations:
D:2 Sigmund


Innate Abilities, Weirdness & Mutations

Your plain brown scales are hard. (AC +5)
You cannot fit into any form of body armour.
You are cold-blooded and may be slowed by cold attacks.


Message History

Sigmund is lightly wounded.
Sigmund hits you with a +4 scythe of protection.
* * * LOW HITPOINT WARNING * * *
Your crimson imp closely misses Sigmund.
Your crimson imp hits Sigmund but does no damage.
Sigmund zaps a wand.
The puff of flame misses you. Sigmund is pulled toward you!
Casting: Call Imp (safe; 11% risk of failure)
Confirm with . or Enter, or press ? or * to list all spells.
You feel a surge of power!
A beastly little devil appears in a puff of flame.
Sigmund closely misses you.
Your crimson imp hits Sigmund but does no damage.
Sigmund is pulled toward you! Sigmund hits you but does no damage.
Sigmund is pulled toward you!
You hit Sigmund but do no damage.
Sigmund is lightly wounded.
Your crimson imp hits Sigmund.
Sigmund hits you with a +4 scythe of protection!
You die...

###. #..# #.# #.#. ##.# #.#
#...## ##.## #.#
###..####...## ####.##
#.....##.#.#.###......
####.##.)........##.#.
#5##..#.#.######...
#.########@##.#...##########
#.........5@.....#.....)....
######.###.........#########
#.# ####.###### #.# ##.##
##.#####...# #........#.#
#.######...# #.# ##.## #.#
#.### ##


You could see Sigmund (resistant) and 2 friendly crimson imps.

Vanquished Creatures
  A gnoll (D:2)
  2 adders (D:2)
  2 leopard geckos (D:2)
  A ball python (D:1)
  3 bats (D:2)
  3 goblins
  4 hobgoblins
  5 jackals
  2 quokkas (D:2)
  3 frilled lizards
  3 kobolds
  A rat (D:1)
30 creatures vanquished.

Vanquished Creatures (collateral kills)
  An iguana (D:2)
  Terence (D:2)
  3 gnolls (D:2)
  A worm (D:2)
  2 bats
  2 hobgoblins (D:2)
  A jackal (D:1)
  5 goblins
  A kobold (D:2)
  A rat (D:2)
18 creatures vanquished.

Vanquished Creatures (others)
  5 toadstools (D:1)
5 creatures vanquished.

Grand Total: 53 creatures vanquished

Notes
Turn   | Place    | Note
-------+----------+-------------------------------------------
     0 | D:1      | windgrace the Draconian Hedge Wizard began the quest for
                  | the Orb.
     0 | D:1      | Reached XP level 1. HP: 14/14 MP: 4/4
   416 | D:1      | Reached XP level 2. HP: 18/20 MP: 0/6
   419 | D:1      | Learned a level 2 spell: Blink
   422 | D:1      | Learned a level 2 spell: Call Imp
  1053 | D:2      | Reached XP level 3. HP: 18/26 MP: 1/8
  1563 | D:2      | Found a bloodstained altar of Trog.
  1646 | D:2      | Noticed Terence
  1654 | D:2      | Killed Terence
  1655 | D:2      | Reached XP level 4. HP: 34/34 MP: 0/9
  1840 | D:2      | Found a basalt altar of Yredelemnul.
  1853 | D:2      | Reached skill level 4 in Spellcasting
  1986 | D:2      | Learned a level 3 spell: Mephitic Cloud
  2575 | D:2      | Found a stormy altar of Qazlal.
  2613 | D:2      | Noticed Sigmund
  2633 | D:2      | Slain by Sigmund

Illustrated notes

Levels and vault maps discovered:
D:1:      ldierk_walled_garden, layout_loops_ring
D:2:      layout_loops_ring, lemuel_doored_altar, old_standard_altar,
          nicolae_overflow_crystal_walls, serial_aquarium,
          aquarium_bridge_square [aquarium_subvault_balcony,
          aquarium_subvault_wall, aquarium_subvault_bridge,
          aquarium_subvault_bridge], aquarium_bridge_long_separate
          [aquarium_subvault_bridge, aquarium_subvault_wall,
          aquarium_subvault_bridge, aquarium_subvault_window,
          aquarium_subvault_bridge, aquarium_subvault_wall],
          aquarium_window_fake, aquarium_window_1, aquarium_window_corridor_3,
          aquarium_view_2b, chequers_serial_rivers_marsh, uniq_terence,
          uniq_sigmund

Skill      XL: |  1  2  3  4 |
---------------+-------------+-----
Dodging        | 2 |  2.2
Spellcasting   | 4 |  4.0
Summonings     | 2 |  2.3
Fighting       | |  0.7
Short Blades   | |  0.2
Stealth        | |  1.9
Conjurations   | |  1.4
Translocations | |  1.3

Action                   |  1- 3 |  4- 6 || total
-------------------------+-------+-------++-------
Melee: Dagger            |    40 |    39 ||    79
       Tailslap          |     7 |     6 ||    13
 Cast: Magic Dart        |    22 |    11 ||    33
       Call Imp          |    17 |    15 ||    32
       Blink             |     5 |       ||     5
       Mephitic Cloud    |       |     3 ||     3
  Use: Potion            |       |     3 ||     3
 Stab: Sleeping          |     2 |     1 ||     3
Armor: Skin              |    18 |    12 ||    30
Dodge: Dodged            |    26 |    15 ||    41
